 Dungeon Crawl Stone Soup version 0.21-a0-414-gba8bdf1 (webtiles) character file.

36 sagitran the Chucker (level 3, -2/37 HPs)
             Began as an Ogre Hunter on Nov 2, 2017.
             Slain by an iguana (8 damage)
             ... on level 1 of the Dungeon.
             The game lasted 00:04:22 (1479 turns).

sagitran the Chucker (Ogre Hunter)                  Turns: 1479, Time: 00:04:23

Health: -2/37      AC:  3    Str: 16    XL:     3   Next: 37%
Magic:  3/3        EV: 10    Int: 12    God:
Gold:   17         SH:  0    Dex: 10    Spells: 2/2 levels left

rFire    . . .     SeeInvis .   e - +0 mace
rCold    . . .     Gourm    .   (no shield)
rNeg     . . .     Faith    .   b - +0 robe
rPois    .         Spirit   .   (helmet restricted)
rElec    .         Reflect  .   (no cloak)
rCorr    .         Harm     .   (gloves unavailable)
MR       .....                  (boots unavailable)
Stlth    +.........             (no amulet)
HPRegen  0.12/turn              (no ring)
MPRegen  0.08/turn              (no ring)

@: no status effects
A: unfitting armour, tough skin 1
a: no special abilities


You were on level 1 of the Dungeon.
You were not hungry.

You visited 1 branch of the dungeon, and saw 2 of its levels.

You collected 17 gold pieces.

Inventory:

Hand Weapons
 a - a +0 short sword
 e - a +0 mace (weapon)
Missiles
 c - 5 large rocks (quivered)
 d - 2 throwing nets
Armour
 b - a +0 robe (worn)
Scrolls
 i - a scroll of remove curse {unknown}
 l - a scroll of fear {unknown}
Comestibles
 f - a bread ration
 g - a meat ration
 j - 3 fruits


   Skills:
 + Level 3.3 Fighting
 + Level 0.8 Maces & Flails
 + Level 4.5 Throwing
 + Level 2.0 Dodging
 + Level 0.7 Stealth


You had 2 spell levels left.
You didn't know any spells.

Dungeon Overview and Level Annotations

Branches:
Dungeon (2/15)

Altars:


Innate Abilities, Weirdness & Mutations

You are too large for most types of armour.
You have tough skin. (AC +1)


Message History

The iguana is lightly wounded.
The iguana bites you but does no damage.
The iguana bites you!
The kobold throws a stone.
The stone hits you but does no damage.
You hit the iguana.
The iguana is moderately wounded.
The iguana bites you! The worm bites you.
* * * LOW HITPOINT WARNING * * *
You see here a stone.
The kobold hits you with a club.
* * * LOW HITPOINT WARNING * * *
There is a stone staircase leading up here.
You don't know any spells.
The iguana bites you but does no damage.
The kobold hits you but does no damage.
You climb upwards.
There is a stone staircase leading down here.
It was a potion of magic.
Magic courses through your body. The iguana bites you!
You die...

#.........# ##....
#.........# ##.....
#.........###......
####..[.....'......
#.........###......
#..#......# ##.....
#..##.##..# ##....
#K.##.##..# ##...
#l@#..##..# ##'#
#>.#.###..# #.#
#..#.###..# #.#
#......[..# ##..
##.......## ##...
###.###### #....
#.##...# ##...
#....#.#######..
####............


You could see an iguana and a kobold.

Vanquished Creatures
  3 dart slugs (D:1)
  A ball python (D:1)
  2 giant cockroaches (D:1)
  2 goblins (D:1)
  6 hobgoblins (D:1)
  4 jackals (D:1)
  A kobold (D:1)
  A bat (D:1)
  2 frilled lizards (D:1)
  5 rats (D:1)
27 creatures vanquished.

Notes
Turn   | Place    | Note
-------+----------+-------------------------------------------
     0 | D:1      | sagitran the Ogre Hunter began the quest for the Orb.
     0 | D:1      | Reached XP level 1. HP: 22/22 MP: 1/1
   216 | D:1      | Reached XP level 2. HP: 26/29 MP: 2/2
   822 | D:1      | Reached XP level 3. HP: 37/37 MP: 3/3
  1479 | D:1      | Slain by an iguana

Vault maps used:
D:1:      minmay_arrival_loop
D:2:      minmay_door_path, minmay_misc_feat_alley, nicolae_underground_beach

Skill      XL: |  1  2 |
---------------+-------+-----
Fighting       | 3 |  3.3
Dodging        | 2 |  2.0
Maces & Flails | |  0.8
Throwing       | |  4.5
Stealth        | |  0.7

Action                   || total
-------------------------++-------
Melee: Mace              ||   113
Throw: Large rock        ||     1
  Use: Potion            ||     1
 Stab: Sleeping          ||     2
  Eat: Fruit             ||     1
       Chunk             ||     1
Armor: Robe              ||    44
Dodge: Dodged            ||    82

Table legend:
 A = Spawn XP
 B = Non-spawn XP
 C = Spawn XP percentage of total XP
 D = Spawn monster count
 E = Non-spawn monster count
 F = Spawn count percentage of total count
 G = Total turns spent on level
                    A         B        C        D         E        F      G
               +---------+---------+-------+---------+---------+-------+---------
         Total |       0 |      52 |   0.0 |       0 |      27 |   0.0 |  1479
               +---------+---------+-------+---------+---------+-------+---------
           D:1 |       0 |      52 |   0.0 |       0 |      27 |   0.0 |  1467
               +---------+---------+-------+---------+---------+-------+---------
